 Seeded DCSS version 0.29.1-13-g9f3cf754e1 (webtiles) character file.

Game seed: 18334199546629406935 (custom seed)

572 mathmaestro the Scholar of Death (level 7, 53/53 HPs)
             Began as a Demonspawn Necromancer on Jan 26, 2023.
             Was a Follower of Kikubaaqudgha.
             Quit the game on level 5 of the Dungeon.
             The game lasted 00:09:24 (4827 turns).

mathmaestro the Scholar of Death (DsNe)             Turns: 4827, Time: 00:09:25

Health: 53/53      AC:  5    Str: 15    XL:     7   Next: 12%
Magic:  12/12      EV: 13    Int: 18    God:    Kikubaaqudgha [*.....]
Gold:   250        SH:  0    Dex: 13    Spells: 3/13 levels left

rFire   . . .      SeeInvis .   o - +4 flail (protect)
rCold   . . .      Faith    .   (no shield)
rNeg    . . .      Spirit   .   a - +0 robe
rPois   .          Reflect  .   (helmet restricted)
rElec   .          Harm     .   t - +0 cloak
rCorr   .          Rampage  .   l - +0 pair of gloves
Will    .....                   (no boots)
Stlth   ++........              (no amulet)
HPRegen 0.17/turn               k - +6 ring of strength
MPRegen 0.26/turn               m - ring of flight

@: flying
A: antennae 1, rugged brown scales 1, powered by death 1, magic regeneration
a: Renounce Religion, Unearth Wretches


You were on level 5 of the Dungeon.
You worshipped Kikubaaqudgha.
Kikubaaqudgha was aware of your devotion.
You visited 1 branch of the dungeon, and saw 5 of its levels.
You also visited: Sewer.

You collected 250 gold pieces.

Inventory:

Hand Weapons
 o - a +4 flail of protection (weapon)
Missiles
 A - 4 javelins
Armour
 a - a +0 robe (worn)
 l - a +0 pair of gloves (worn)
 t - a +0 cloak (worn)
Jewellery
 k - a +6 ring of strength (left hand)
 m - a ring of flight (right hand)
Scrolls
 e - a scroll of enchant weapon {unknown}
 f - 3 scrolls of immolation
 g - 3 scrolls of teleportation
 i - 3 scrolls of fog
 n - 3 scrolls of magic mapping
 p - a scroll of fear {unknown}
 r - a scroll of blinking {unknown}
 x - a scroll of amnesia {unknown}
 y - a scroll of enchant armour {unknown}
Potions
 b - a potion of magic
 c - 4 potions of curing
 d - 3 potions of might
 h - 3 potions of attraction {unknown}
 j - 2 potions of haste {unknown}
 q - a potion of flight {unknown}
 s - 3 potions of degeneration {unknown}
 u - 2 potions of heal wounds {unknown}
 v - a potion of cancellation {unknown}
 w - a potion of mutation {unknown}
 z - a potion of invisibility {unknown}
 B - 2 potions of lignification {unknown}
 C - a potion of berserk rage {unknown}


   Skills:
 + Level 3.1 Fighting
 + Level 3.4 Dodging
 + Level 3.7 Stealth
 + Level 3.6 Spellcasting
 + Level 5.7 Necromancy


You had 3 spell levels left.
You knew the following spells:

 Your Spells              Type           Power      Damage    Failure   Level
a - Necrotise             Necr           96%        1d8       1%          1
b - Vampiric Draining     Necr           24%        2d7       4%          3
c - Animate Dead          Necr           24%        N/A       14%         4
d - Sublimation of Blood  Necr           24%        N/A       2%          2

Your spell library contained the following spells:

 Spells                   Type           Power      Damage    Failure   Level
 Slow                     Hex            12%        N/A       16%         1
 Confusing Touch          Hex            3%         N/A       43%         3
 Agony                    Necr           24%        N/A       36%         5


Dungeon Overview and Level Annotations

Branches:
Dungeon (5/15)              Sewer (visited)
 Temple: D:4-7

Altars:
Kikubaaqudgha

Annotations:
D:4 1 runed translucent door, SirLogeyBear's ghost, amateur HOBe


Innate Abilities, Weirdness & Mutations

You have a pair of small antennae on your head.
You are partially covered in rugged brown scales. (AC +1, +3% HP)
You regenerate a little health from kills.
You regenerate magic rapidly.


Message History

You sock the orc!
You kill the orc!
Kikubaaqudgha accepts your kill.
The dead are walking!
Something hits you but does no damage.
You closely miss something.
Something hits you but does no damage. x2
You sock something! Something barely misses you.
You barely miss something. Something hits you but does no damage.
You closely miss something.
Something hits you but does no damage. x2
You completely miss something. Something hits you but does no damage.
You hit something.
Your weapon exudes an aura of protection.
Something hits you but does no damage.
You hear some strange, mumbled words.
A magic dart appears from out of thin air!
The magic dart hits you!
You miss something. Something barely misses you.
You sock something! Kikubaaqudgha accepts your kill.
You can now bring forth the wretched and dying.
Kikubaaqudgha grants you a gift!
You add the spell Sublimation of Blood to your library.
Reactivating autopickup.
You feel a bit more experienced.
Memorise Sublimation of Blood, consuming 2 spell levels and leaving 3?
Your reaping aura is weakening.
You start memorising the spell.
You continue memorising. x2
You finish memorising.
Spell assigned to 'd'.
Things that are here:
a +0 dagger; a +0 robe; an orc corpse Your reaping aura expires.
You swap places.
Things that are here:
a +0 short sword; a +0 leather armour
Things that are here:
a +0 flail; 2 boomerangs; a +0 chain mail
D - a scroll of identify
As you read the scroll of identify, it crumbles to dust.
c - 4 potions of curing
Okay, then.
Are you sure you want to abandon this character and quit the game? (Confirm with "yes".)

#..###........# #.
#######.#####..##.##
#.###...###..# #...#.##
#.......#....####.#.#...
#.$....)#.##..........##
#......)..# #####.......
#......)### ###....#
#.....ZZ# ###.>.
#......@# #### #########


You could see 2 friendly orc zombies.

Vanquished Creatures
  An ogre (D:4)
  A phantom (D:5)
  A bullfrog (Sewer)
  A jelly (D:4)
  A hound (D:5)
  An orc wizard (D:5)
  4 gnolls
  A river rat (Sewer)
  6 adders
  An ufetubus (D:4)
  A worm (D:3)
  2 dart slugs
  9 orcs
  9 endoplasms
  2 giant cockroaches
  2 goblins
  3 hobgoblins
  2 quokkas
  17 ball pythons
  3 bats
  A frilled lizard (Sewer)
  3 kobolds
  25 rats
97 creatures vanquished.

Vanquished Creatures (collateral kills)
  A bullfrog (Sewer)
  3 ball pythons
  A bat (D:1)
  A frilled lizard (Sewer)
  A kobold (D:1)
  3 rats
10 creatures vanquished.

Vanquished Creatures (others)
  An adder zombie (Sewer)
  A ball python zombie (Sewer)
  A withered plant (D:4)
3 creatures vanquished.

Grand Total: 110 creatures vanquished

Notes
Turn   | Place    | Note
-------+----------+-------------------------------------------
     0 | D:1      | mathmaestro the Demonspawn Necromancer began the quest for
                  | the Orb.
     0 | D:1      | Reached XP level 1. HP: 13/13 MP: 3/3
   360 | D:1      | Gained mutation: You are partially covered in rugged brown
                  | scales. (AC +1, +3% HP) [demonic ancestry]
   360 | D:1      | Reached XP level 2. HP: 11/20 MP: 1/5
  1097 | D:2      | Reached skill level 1 in Fighting
  1121 | D:1      | Reached XP level 3. HP: 6/26 MP: 0/6
  1125 | D:1      | Learned a level 3 spell: Vampiric Draining
  1763 | D:2      | Gained mutation: You have a pair of small antennae on your
                  | head. [demonic ancestry]
  1763 | D:2      | Reached XP level 4. HP: 32/32 MP: 7/7
  1773 | D:2      | Learned a level 4 spell: Animate Dead
  2064 | D:3      | Found a glowing drain.
  2097 | D:3      | Found a faded altar of an unknown god.
  2128 | Sewer    | Entered a sewer
  2539 | Sewer    | Reached skill level 5 in Necromancy
  2539 | Sewer    | Reached XP level 5. HP: 39/39 MP: 5/9
  2599 | Sewer    | Gained mutation: You regenerate magic rapidly. [demonic
                  | ancestry]
  2599 | Sewer    | Reached XP level 6. HP: 6/47 MP: 0/10
  3466 | D:4      | Found an ancient bone altar of Kikubaaqudgha.
  3475 | D:4      | Became a worshipper of Kikubaaqudgha
  4252 | D:4      | Found a runed translucent door.
  4547 | D:4      | Noticed SirLogeyBear's ghost (amateur HOBe)
  4574 | D:5      | Entered Level 5 of the Dungeon
  4608 | D:5      | Gained mutation: You regenerate a little health from kills.
                  | [demonic ancestry]
  4608 | D:5      | Reached XP level 7. HP: 53/53 MP: 12/12
  4781 | D:5      | Reached * piety under Kikubaaqudgha
  4781 | D:5      | Received a gift from Kikubaaqudgha
  4785 | D:5      | Learned a level 2 spell: Sublimation of Blood
  4827 | D:5      | Quit the game

Illustrated notes

Levels and vault maps discovered:
D:1:      shiori_shiawase, layout_loops_ring, st_stairs_7
D:2:      layout_basic, minmay_large_rounded_square
D:3:      layout_basic, portal_sewer_entry_a, hellmonk_ecumenical_altar_blasted
D:4:      layout_loops_corners, kiku_gazebo_garden_becter, ebering_ghost_sewer_d
D:5:      layout_basic

Skill      XL: |  1  2  3  4  5  6 |
---------------+-------------------+-----
Stealth        | 2 3 |  3.7
Dodging        | 2 3 |  3.4
Fighting       | 1 2 3 |  3.1
Necromancy     | 5 |  5.7
Spellcasting   | 3 |  3.6

Action                   |  1- 3 |  4- 6 |  7- 9 || total
-------------------------+-------+-------+-------++-------
Melee: Whip              |     8 |       |       ||     8
       Flail             |    12 |    77 |    21 ||   110
 Cast: Necrotise         |    40 |    46 |     1 ||    87
       Animate Dead      |       |     2 |     1 ||     3
       Vampiric Draining |       |     7 |     1 ||     8
  Use: Scroll            |       |     6 |     1 ||     7
 Stab: Sleeping          |     2 |     4 |       ||     6
Armor: Robe              |     8 |    40 |    15 ||    63
Dodge: Dodged            |    31 |    70 |    17 ||   118
